 Dungeon Crawl Stone Soup version 0.24-a0-415-g6d73c25c48 (webtiles) character file.

Game seed: 6348169347906269756

1430 emperorscorpion the Chopper (level 8, -7/63 HPs)
             Began as a Demonspawn Berserker on June 7, 2019.
             Was a Priest of Trog.
             Mangled by a mummy (12 damage)
             ... in an ossuary.
             The game lasted 00:06:11 (2508 turns).

emperorscorpion the Chopper (Demonspawn Berserker)  Turns: 2508, Time: 00:06:12

Health: -7/63      AC: 10    Str: 20    XL:     8   Next: 45%
Magic:  8/8        EV: 11    Int:  8    God:    Trog [***...]
Gold:   96         SH:  0    Dex: 13    Spells: 7/7 levels left

rFire    + . .     SeeInvis .   a - +0 hand axe
rCold    . . .     Gourm    .   (no shield)
rNeg     + . .     Faith    .   f - +0 scale mail
rPois    .         Spirit   .   (no helmet)
rElec    .         Reflect  .   (no cloak)
rCorr    .         Harm     .   (no gloves)
MR       .....                  (no boots)
Stlth    ..........             o - amulet of inaccuracy
HPRegen  0.20/turn              i - ring of positive energy
MPRegen  0.11/turn              (no ring)

@: no status effects
A: hooves 2, slimy green scales 2, fire resistance 1
a: Berserk, Trog's Hand, Renounce Religion


You were in an ossuary.
You worshipped Trog.
Trog was most pleased with you.
You were hungry.

You visited 1 branch of the dungeon, and saw 6 of its levels.
You also visited: Ossuary.

You collected 96 gold pieces.

Inventory:

Hand Weapons
 a - a +0 hand axe (weapon)
 m - a +0 trident
Missiles
 h - 17 poisoned darts (quivered)
 k - 2 boomerangs
Armour
 b - a +0 animal skin
 f - a +0 scale mail (worn)
Jewellery
 i - a ring of positive energy (left hand)
 o - an amulet of inaccuracy (around neck)
Wands
 d - a wand of disintegration (23)
 e - a wand of random effects (18)
Scrolls
 g - a scroll of remove curse
 j - 2 scrolls of teleportation {unknown}
 l - 2 scrolls of identify {unknown}
 n - a scroll of fog {unknown}
 q - a scroll of enchant weapon {unknown}
Potions
 p - a potion of lignification {unknown}
Comestibles
 c - 3 rations


   Skills:
 + Level 5.5 Fighting
 + Level 6.9 Axes
 + Level 1.3 Throwing
 + Level 5.1 Armour
 + Level 3.0 Dodging
 + Level 0.1 Stealth


You had 7 spell levels left.
You didn't know any spells.
Your spell library contained the following spells:

 Spells                   Type           Power        Failure   Level  Hunger
 Confusing Touch          Hex            #.....       75%         1    ##.....
 Confuse                  Hex            #.......     98%         3    ####...
 Gell's Gravitas          Tloc           #.........   98%         3    ####...
 Petrify                  Tmut/Erth      #.......     100%        4    #####..
 Metabolic Englaciation   Hex/Ice        #.........   100%        5    ######.
 Yara's Violent Unravell  Hex/Tmut       #.........   100%        5    ######.


Dungeon Overview and Level Annotations

Branches:
Dungeon (6/15)
 Temple: D:4-7

Altars:
Makhleb

Shops:
D:5 *


Innate Abilities, Weirdness & Mutations

You have hoof-like feet.
You are mostly covered in slimy green scales. (AC +3)
Your flesh is heat resistant. (rF+)


Message History

The big kobold zombie hits you. The mummy barely misses you.
You barely miss the mummy.
The mummy is heavily damaged.
You hit the big kobold zombie.
You destroy the big kobold zombie!
Trog accepts your kill.
You hit the mummy. The mummy barely misses you.
You hit the mummy. Your kick misses the mummy.
The mummy is severely damaged.
You hit the mummy. You hit the gnoll zombie. The mummy hits you!
* * * LOW HITPOINT WARNING * * *
The gnoll zombie closely misses you.
You closely miss the mummy. Your kick misses the mummy.
The mummy is severely damaged.
You closely miss the mummy. You barely miss the gnoll zombie.
The mummy hits you!
* * * LOW HITPOINT WARNING * * *
The gnoll zombie hits you but does no damage.
The mummy hits you!
You die...

#....#
#....#
#....#
#....#
#....#
#....#
#....#
#MZ..#
#@M∩.#
######


You could see 2 mummies and a gnoll zombie.

Vanquished Creatures
  Grinder (D:3)
  Sigmund (D:4)
  Edmund (D:5)
  Duvessa (D:6)
  A phantom (D:5)
  An ogre (D:4)
  A centaur (D:5)
  A bullfrog (D:4)
  A scorpion (D:5)
  Dowan (D:6)
  A howler monkey (D:4)
  A crimson imp (D:5)
  A centaur skeleton (D:4)
  A jelly (D:5)
  2 orc priests
  A gnoll shaman (D:5)
  An iguana (D:4)
  Ijyb (D:4)
  A worker ant (D:5)
  A big kobold zombie (Ossuary)
  A mummy (D:6)
  4 gnolls (D:5)
  An adder (D:4)
  An ooze (D:3)
  An adder skeleton (D:4)
  A worm (D:4)
  A dart slug (D:4)
  5 leopard geckos
  13 orcs
  2 ball pythons (D:4)
  5 bats
  A giant cockroach (D:4)
  A gnoll zombie (Ossuary)
  8 goblins
  5 hobgoblins
  4 quokkas
  2 frilled lizards
  4 hobgoblin zombies (Ossuary)
  A jackal skeleton (D:5)
  A kobold (D:1)
  A rat (D:2)
84 creatures vanquished.

Vanquished Creatures (others)
  A plant (D:4)
1 creature vanquished.

Grand Total: 85 creatures vanquished

Notes
Turn   | Place    | Note
-------+----------+-------------------------------------------
     0 | D:1      | emperorscorpion the Demonspawn Berserker began the quest
                  | for the Orb.
     0 | D:1      | Reached XP level 1. HP: 18/18 MP: 1/1
   360 | D:2      | Gained mutation: You have large cloven feet. [demonic
                  | ancestry]
   360 | D:2      | Reached XP level 2. HP: 23/24 MP: 2/2
   372 | D:2      | Reached skill level 3 in Axes
   684 | D:4      | Reached ** piety under Trog
   685 | D:4      | Reached XP level 3. HP: 18/29 MP: 3/3
   984 | D:4      | Noticed a bullfrog
   991 | D:4      | Killed a bullfrog
   991 | D:4      | Gained mutation: You are partially covered in slimy green
                  | scales. (AC +2) [demonic ancestry]
   991 | D:4      | Reached XP level 4. HP: 37/37 MP: 4/4
  1072 | D:4      | Noticed an ogre
  1079 | D:4      | Killed an ogre
  1079 | D:4      | Reached skill level 4 in Axes
  1079 | D:4      | Gained mutation: You have hoof-like feet. [demonic
                  | ancestry]
  1079 | D:4      | Reached XP level 5. HP: 42/42 MP: 5/5
  1119 | D:3      | Noticed Grinder
  1129 | D:3      | Paralysed by Grinder for 4 turns
  1139 | D:3      | Killed Grinder
  1139 | D:3      | Reached XP level 6. HP: 49/49 MP: 6/6
  1252 | D:4      | Reached skill level 5 in Axes
  1354 | D:4      | Noticed Sigmund
  1358 | D:4      | Killed Sigmund
  1358 | D:4      | Gained mutation: Your flesh is heat resistant. (rF+)
                  | [demonic ancestry]
  1358 | D:4      | Reached XP level 7. HP: 55/55 MP: 7/7
  1536 | D:5      | Entered Level 5 of the Dungeon
  1540 | D:5      | Noticed Edmund
  1570 | D:5      | Reached skill level 6 in Axes
  1593 | D:5      | Noticed Ijyb
  1611 | D:4      | Killed Ijyb
  1658 | D:5      | Reached *** piety under Trog
  1658 | D:5      | Reached skill level 5 in Fighting
  1817 | D:5      | Found a burning altar of Makhleb.
  1819 | D:5      | Found Ylemn's General Store.
  1845 | D:5      | Killed Edmund
  1845 | D:5      | Gained mutation: You are mostly covered in slimy green
                  | scales. (AC +3) [demonic ancestry]
  1845 | D:5      | Reached XP level 8. HP: 62/62 MP: 8/8
  2217 | D:5      | Reached skill level 1 in Throwing
  2446 | D:6      | Found a sand-covered staircase.
  2446 | D:6      | Noticed Duvessa
  2447 | D:6      | Noticed Dowan
  2453 | D:6      | Killed Dowan
  2458 | D:6      | Reached skill level 5 in Armour
  2459 | D:6      | Killed Duvessa
  2465 | Ossuary  | Entered an ossuary
  2508 | Ossuary  | Mangled by a mummy

Levels and vault maps discovered:
D:1:      sevenhm_arrival_forest_fort_large_4, layout_rooms
D:2:      layout_basic, first_ration
D:3:      layout_loops_ring, grunt_temple_overflow_diamond, st_stairs_1,
          uniq_crazy_yiuf_cottage, uniq_grinder
D:4:      layout_loops_ring, okawaru_ov_weapons_minmay, serial_shops, shop,
          minmay_lizard_king, uniq_sigmund
D:5:      layout_basic, serial_shops, kennysheep_little_box, basic_altar,
          grunt_dithmenos_shadows, uniq_edmund, uniq_ijyb
D:6:      layout_gridville, nemelex_xobeh_ov_fountains_minmay,
          gup_ossuary_entry_pyramid, basic_altar, tgw_sif, uniq_duvessa
Ossuary:  ossuary_tomb_3

Skill      XL: |  1  2  3  4  5  6  7  8 |
---------------+-------------------------+-----
Axes           | 3 4 5 6 |  6.9
Armour         | 2 3 4 5 |  5.1
Dodging        | 2 3 |  3.0
Fighting       | 4 5 |  5.5
Throwing       | 1 |  1.3
Stealth        | |  0.1

Action                   |  1- 3 |  4- 6 |  7- 9 || total
-------------------------+-------+-------+-------++-------
Melee: Hand axe          |    79 |    45 |   165 ||   289
       Kick              |    13 |    15 |    46 ||    74
Throw: Dart              |       |       |    20 ||    20
Invok: Berserk           |     3 |     4 |     5 ||    12
  Use: Scroll            |       |       |     3 ||     3
  Eat: Chunk             |     2 |     5 |     6 ||    13
       Ration            |       |       |     1 ||     1
Armor: Animal skin       |     9 |       |       ||     9
       Scale mail        |    33 |    25 |    61 ||   119
Dodge: Dodged            |    58 |    39 |    74 ||   171

Table legend:
 A = Non-vault XP
 B = Vault XP
 C = Vault XP percentage of total XP
 D = Non-vault monster count
 E = Vault monster count
 F = Vault count percentage of total count
                 A         B        C        D         E       F
            +---------+---------+-------+---------+---------+-------
      Total |    1042 |    1002 |  49.0 |      63 |      21 |  25.0
            +---------+---------+-------+---------+---------+-------
        D:1 |      10 |       0 |   0.0 |       6 |       0 |   0.0
        D:2 |      11 |       0 |   0.0 |       6 |       0 |   0.0
        D:3 |      40 |     277 |  87.4 |      16 |       3 |  15.8
        D:4 |     396 |     311 |  44.0 |      17 |       8 |  32.0
        D:5 |     585 |     154 |  20.8 |      18 |       1 |   5.3
        D:6 |       0 |     229 | 100.0 |       0 |       3 | 100.0
    Ossuary |       0 |      31 | 100.0 |       0 |       6 | 100.0
            +---------+---------+-------+---------+---------+-------
